Griffins vs Wild

Created - 1 octobre 2023 at 18:41

Goals
1 2 3 OT1 SO T
Griffins 0 1 1 0 1 2
Wild 2 0 0 0 2 3
Shots
1 2 3 OT1 SO T
Griffins 12 11 15 0 4 38
Wild 8 11 4 0 4 23

GoalsPenalties
1st period
1. Wild , Cooper Marody 1 (Jack Rathbone 2, Dylan Sikura 3) at 4:38
2. Wild , Evan Polei 2 (Matthew Peca 1, Alex Limoges 2) at 17:36
Alex Limoges (MIN) for Hooking (Minor) at 17:58
2nd period
3. Griffins , Jacob MacDonald 1 (Jiri Kulich 4, Cole Schwindt 5) at 12:03
Logan Day (MIN) for Interference (Minor) at 0:41
Jordan Spence (DET) for Holding (Minor) at 17:20
3rd period
4. Griffins , Logan Stanley 2 (Jordan Spence 6, Cole Schwindt 6) at 4:46 (PP)
Logan Day (MIN) for Hooking (Minor) at 4:10
Brad Malone (MIN) for Roughing (Minor) at 17:10
Overtime #1
No Goal
Evan Polei (MIN) for Fighting (Major) at 0:18
Chris Wideman (DET) for Fighting (Major) at 0:18
Shootout
Griffins, Jakob Pelletier - Goal!
Wild, Seth Griffith - Shot Misses the Net
Griffins, Zack Kassian - Stopped by Joel Hofer
Wild, Austin Czarnik - Goal!
Griffins, T.J. Tynan - Stopped by Joel Hofer
Wild, Dylan Sikura - Stopped by Mads Sogaard
Griffins, Cole Schwindt - Stopped by Joel Hofer
Wild, Alex Limoges - Goal!
Goalie Stats
Mads Sogaard (DET), 21 saves from 23 shots - (0,913), OTL, 7-4-1, 65:00 minutes
Joel Hofer (MIN), 36 saves from 38 shots - (0,947), W, 4-5-2, 65:00 minutes
3 StarsOfficial
1 - Joel Hofer (MIN)
2 - Cooper Marody (MIN)
3 - Logan Stanley (DET)
Referees : Edward Grudzinski and Anniina Nurmi
Linesman : Veronica Lovensno and Devin Berg
Game Note
Evan Polei and Chris Wideman fight to a draw at 0:18 of 1st overtime period



Team Name Goals Shots Shots Attemp Shots Blocked PIM HIT PP PK FO%
Griffins 23873117321 / 4 (25%)050%
Wild 323451613220 / 1 (0%)150%

Griffins
Player Name POS G A P +/- PIM HIT SHT SB MP PP MP PP SHT PK MP PK SHT FO% FOT GA TA
Brandon CoeRW0000031218:553:0800:0000% 000
Chris WidemanD0000541322:062:5200:5900% 000
Cole SchwindtC/RW0220035121:153:0801:07065% 2010
Egor ZamulaD000-1010014:500:0000:0000% 001
Emil HeinemanLW0000030011:410:0000:000100% 100
Jacob MacDonaldD1010023123:282:5200:2900% 000
Jacob PerreaultRW0000023011:570:0000:0000% 000
Jakob PelletierLW000-1002121:453:2501:1000% 110
Jeff KubiakC0000011014:570:0400:19044% 900
Jiri KulichC/LW0110004018:473:0800:0000% 110
Jordan SpenceD0110214123:113:4110:0000% 001
Joseph LaBateLW0000012011:180:0000:4600% 100
Logan StanleyD1010043126:233:4121:3000% 020
Markus NurmiLW/RW000001107:380:0000:0000% 000
Mason GeertsenLW000000009:090:0000:0000% 000
Matthew KesselD000-1001015:030:0001:0000% 001
T.J. TynanC000-1020020:443:2100:00047% 1711
Zack KassianRW000-1047119:523:2520:36025% 410
Wild
Player Name POS G A P +/- PIM HIT SHT SB MP PP MP PP SHT PK MP PK SHT FO% FOT GA TA
Adam KarashikD0000001323:000:4302:0600% 001
Alex LimogesC/LW0111211222:170:3800:00050% 800
Andrew PeskiD000000319:450:1900:5200% 000
Austin CzarnikC/RW0000023018:580:4300:00025% 810
Brad MaloneC/LW0000240014:190:3601:34020% 500
Brandon DavidsonD0001020027:370:4303:2300% 000
Cole BardreauC000000109:130:3001:040100% 100
Cooper MarodyC/RW1010028227:460:5603:48064% 2501
Dylan SikuraC/LW/RW0111011127:300:5503:45067% 300
Eemil ViroD000000003:470:0000:0000% 000
Evan PoleiLW1011511016:390:4602:1700% 001
Jack RathboneD0111022131:360:5704:1400% 002
Logan DayD0000422430:421:1602:3100% 011
Luke MartinD000000001:180:0000:0000% 000
Mathias Emilio PettersenC000000000:000:0000:0000% 000
Matthew PecaC/LW0110000015:060:0000:00050% 200
Seth GriffithC/RW0000030219:540:5300:0700% 211
Shane GersichLW000002008:550:0000:3100% 010

Griffins

5 vs 5 Forward
Line #Left WingCenterRight WingPHYDFOFWanted %Time %Time Play
1Jakob PelletierT.J. TynanZack Kassian0323532%16:35
2Jiri KulichCole SchwindtBrandon Coe0323430%15:34
3Emil HeinemanJeff KubiakJacob Perreault0322623%11:41
4Mason GeertsenJoseph LaBateMarkus Nurmi032515%7:38
5 vs 5 Defense
Line #DefenseDefensePHYDFOFWanted %Time %Time Play
1Logan StanleyJordan Spence0323536%18:25
2Jacob MacDonaldChris Wideman0323435%17:54
3Egor ZamulaMatthew Kessel0322627%14:03
4Logan StanleyJordan Spence03252%1:06
Power Play Forward
Line #Left WingCenterRight WingPHYDFOFWanted %Time %Time Play
1Jakob PelletierT.J. TynanZack Kassian1045152%3:25
2Jiri KulichCole SchwindtBrandon Coe1044948%3:08
Power Play Defense
Line #DefenseDefensePHYDFOFWanted %Time %Time Play
1Logan StanleyJordan Spence0145156%3:41
2Jacob MacDonaldChris Wideman0144944%2:52
Penalty Kill 4 Players Forward
Line #CenterWingPHYDFOFWanted %Time %Time Play
1Cole SchwindtJakob Pelletier1316097%1:56
2Jeff KubiakZack Kassian131403%0:03
Penalty Kill 4 Players Defense
Line #DefenseDefensePHYDFOFWanted %Time %Time Play
1Logan StanleyJordan Spence1316076%1:30
2Jacob MacDonaldMatthew Kessel1314024%0:29
Penalty Kill 3 Players
Line #WingPHYDFOFWanted %Time %Time PlayDefenseDefensePHYDFOFWanted %Time %Time Play
1Cole Schwindt131550%0:00 Logan StanleyJordan Spence131550%0:00
2Jakob Pelletier131450%0:00 Jacob MacDonaldMatthew Kessel131450%0:00
4 vs 4 Forward
Line #CenterWingPHYDFOFWanted %Time %Time Play
1T.J. TynanZack Kassian032600%0:00
2Cole SchwindtJiri Kulich032400%0:00
4 vs 4 Defense
Line #DefensePHYDFOFWanted %Time %Time Play
1Logan StanleyJordan Spence122600%0:00
2Chris WidemanJacob MacDonald122400%0:00
Last Minutes Offensive
Left WingCenterRight WingDefenseDefense
Jakob PelletierT.J. TynanZack KassianJacob MacDonaldChris Wideman
Last Minutes Defensive
Left WingCenterRight WingDefenseDefense
Jakob PelletierCole SchwindtZack KassianLogan StanleyJacob MacDonald
Time
Total ForwardTotal DefenseLast Minutes OffensiveLast Minutes Defensive
60:00 60:00 0:000:00
Extra Forwards
Normal PowerPlayPenalty Kill
Zack Kassian, Jakob Pelletier, T.J. TynanJeff Kubiak, Jakob PelletierZack Kassian
Extra Defensemen
Normal PowerPlayPenalty Kill
Logan Stanley, Jacob MacDonald, Jordan SpenceEgor Zamula, Matthew KesselChris Wideman
Penalty Shots
Jakob Pelletier, Zack Kassian, T.J. Tynan, Cole Schwindt, Jiri Kulich
Goalie
Mads Sogaard, Jakub Skarek
Scratches
Jordie Benn (Healthy), Tim Gettinger (Healthy), Keean Washkurak (Healthy), Reece Newkirk (Healthy), Xavier Bernard (Healthy) Jack Thompson (Healthy), Ronan Seeley (Healthy), Simon Edvinsson (Healthy), Tyrel Bauer (Healthy), Christopher Gibson (Healthy) Sebastian Cossa (Healthy)

Wild

5 vs 5 Forward
Line #Left WingCenterRight WingPHYDFOFWanted %Time %Time Play
1Dylan SikuraAustin CzarnikSeth Griffith1224038%19:41
2Alex LimogesCooper MarodyDylan Sikura1223024%12:18
3Cooper MarodySeth GriffithDylan Sikura1222010%4:54
4Cooper MarodyAlex LimogesMatthew Peca1221028%14:35
5 vs 5 Defense
Line #DefenseDefensePHYDFOFWanted %Time %Time Play
1Jack RathboneLogan Day1224541%21:06
2Jack RathboneBrandon Davidson1223336%18:39
3Logan DayJack Rathbone1222216%8:10
4Jack RathboneAdam Karashik12207%3:33
Power Play Forward
Line #Left WingCenterRight WingPHYDFOFWanted %Time %Time Play
1Cooper MarodyDylan SikuraSeth Griffith1136068%1:21
2Alex LimogesCooper MarodyDylan Sikura1224032%0:38
Power Play Defense
Line #DefenseDefensePHYDFOFWanted %Time %Time Play
1Jack RathboneLogan Day11360100%1:59
2Logan DayJack Rathbone122400%0:00
Penalty Kill 4 Players Forward
Line #CenterWingPHYDFOFWanted %Time %Time Play
1Cooper MarodyDylan Sikura12260100%6:33
2Cooper MarodyDylan Sikura122400%0:00
Penalty Kill 4 Players Defense
Line #DefenseDefensePHYDFOFWanted %Time %Time Play
1Logan DayJack Rathbone12260100%6:33
2Jack RathboneLogan Day122400%0:00
Penalty Kill 3 Players
Line #WingPHYDFOFWanted %Time %Time PlayDefenseDefensePHYDFOFWanted %Time %Time Play
1Cooper Marody113600%0:00 Logan DayJack Rathbone113600%0:00
2Cooper Marody113400%0:00 Jack RathboneLogan Day113400%0:00
4 vs 4 Forward
Line #CenterWingPHYDFOFWanted %Time %Time Play
1Cooper MarodyDylan Sikura122600%0:00
2Cooper MarodyDylan Sikura122400%0:00
4 vs 4 Defense
Line #DefensePHYDFOFWanted %Time %Time Play
1Jack RathboneLogan Day122600%0:00
2Jack RathboneLogan Day122400%0:00
Last Minutes Offensive
Left WingCenterRight WingDefenseDefense
Dylan SikuraAustin CzarnikSeth GriffithJack RathboneLogan Day
Last Minutes Defensive
Left WingCenterRight WingDefenseDefense
Dylan SikuraAustin CzarnikSeth GriffithJack RathboneLogan Day
Time
Total ForwardTotal DefenseLast Minutes OffensiveLast Minutes Defensive
60:00 60:00 0:000:00
Extra Forwards
Normal PowerPlayPenalty Kill
Cooper Marody, Seth Griffith, Dylan SikuraSeth Griffith, Dylan SikuraCooper Marody
Extra Defensemen
Normal PowerPlayPenalty Kill
Adam Karashik, Jack Rathbone, Brandon DavidsonJack Rathbone, Jack RathboneLogan Day
Penalty Shots
Seth Griffith, Austin Czarnik, Dylan Sikura, Alex Limoges, Cooper Marody
Goalie
Joel Hofer, Dylan Ferguson
Scratches
Trevor Carrick (Left Knee Injury), Ty Ronning (Healthy), Cristiano DiGiacinto (Healthy), Timur Ibragimov (Healthy), Anthony Vincent (Healthy) Joakim Kemell (Healthy), Dryden McKay (Healthy)


Play-by-Play

1st period


0:01 of 1st period - T.J. Tynan wins face-off versus Austin Czarnik in neutral zone.
1:05 of 1st period - Seth Griffith is hit by Emil Heineman and loses puck.
1:52 of 1st period - Logan Stanley is hit by Brad Malone and loses puck.
2:37 of 1st period - Snap shot by Cole Schwindt.
2:37 of 1st period - Shot Misses the Net.
2:39 of 1st period - Slapshot by Egor Zamula.
2:39 of 1st period - Shot Blocked by Adam Karashik.
2:41 of 1st period - Wrist shot by Cole Schwindt.
2:41 of 1st period - Shot Misses the Net.
3:21 of 1st period - Dylan Sikura is hit by Chris Wideman.
3:50 of 1st period - Austin Czarnik is hit by Brandon Coe and loses puck.
4:20 of 1st period - Backhand shot by Austin Czarnik.
4:20 of 1st period - Shot Misses the Net.
4:22 of 1st period - Snap shot by Austin Czarnik.
4:22 of 1st period - Stopped by Mads Sogaard with a rebound.
4:30 of 1st period - Snap shot by Austin Czarnik.
4:30 of 1st period - Stopped by Mads Sogaard without a rebound.
4:31 of 1st period - Cooper Marody wins face-off versus T.J. Tynan in Griffins zone.
4:32 of 1st period - Snap shot by Dylan Sikura.
4:32 of 1st period - Shot Misses the Net.
4:34 of 1st period - Slapshot by Jack Rathbone.
4:34 of 1st period - Deflect By Cooper Marody.
4:34 of 1st period - Stopped by Mads Sogaard with a rebound.
4:36 of 1st period - Wrist shot by Cooper Marody.
4:36 of 1st period - Shot Blocked by Zack Kassian.
4:38 of 1st period - Slapshot by Cooper Marody.
4:38 of 1st period - Goal by Cooper Marody - Griffins : 0 - Wild : 1.
4:39 of 1st period - Cooper Marody wins face-off versus T.J. Tynan in neutral zone.
5:49 of 1st period - Wrist shot by Cole Schwindt.
5:49 of 1st period - Shot Misses the Net.
5:51 of 1st period - Slapshot by Cole Schwindt.
5:51 of 1st period - Shot Blocked by Dylan Sikura.
6:00 of 1st period - Icing by Cole Schwindt.
6:01 of 1st period - Cole Schwindt wins face-off versus Alex Limoges in Griffins zone.
6:03 of 1st period - Icing by Jiri Kulich.
6:04 of 1st period - T.J. Tynan wins face-off versus Alex Limoges in Griffins zone.
6:35 of 1st period - Wrist shot by Jiri Kulich.
6:35 of 1st period - Shot Misses the Net.
6:38 of 1st period - Icing by Brandon Davidson.
6:39 of 1st period - Alex Limoges wins face-off versus Zack Kassian in Wild zone.
6:44 of 1st period - Zack Kassian is hit by Brandon Davidson and loses puck.
7:07 of 1st period - Slapshot by Alex Limoges.
7:07 of 1st period - Shot Misses the Net.
7:09 of 1st period - Wrist shot by Cooper Marody.
7:09 of 1st period - Stopped by Mads Sogaard with a rebound.
7:37 of 1st period - Icing by Jordan Spence.
7:38 of 1st period - Cooper Marody wins face-off versus Joseph LaBate in Griffins zone.
7:49 of 1st period - Slapshot by Logan Stanley.
7:49 of 1st period - Stopped by Joel Hofer with a rebound.
7:51 of 1st period - Slapshot by Jordan Spence.
7:51 of 1st period - Shot Blocked by Adam Karashik.
7:53 of 1st period - Snap shot by Jakob Pelletier.
7:53 of 1st period - Stopped by Joel Hofer without a rebound.
7:54 of 1st period - T.J. Tynan wins face-off versus Cooper Marody in Wild zone.
7:55 of 1st period - Wrist shot by Zack Kassian.
7:55 of 1st period - Shot Misses the Net.
8:13 of 1st period - Slapshot by Zack Kassian.
8:13 of 1st period - Deflect By T.J. Tynan.
8:13 of 1st period - Shot Misses the Net.
8:13 of 1st period - Puck is out of play.
8:14 of 1st period - Austin Czarnik wins face-off versus Jeff Kubiak in Wild zone.
8:19 of 1st period - Jacob Perreault is hit by Seth Griffith and loses puck.
8:28 of 1st period - Adam Karashik is hit by Jacob Perreault and loses puck.
8:50 of 1st period - Snap shot by Zack Kassian.
8:50 of 1st period - Stopped by Joel Hofer with a rebound.
8:52 of 1st period - Slapshot by Matthew Kessel.
8:52 of 1st period - Stopped by Joel Hofer without a rebound.
8:53 of 1st period - Cole Schwindt wins face-off versus Austin Czarnik in Wild zone.
8:54 of 1st period - Slapshot by Jiri Kulich.
8:54 of 1st period - Shot Misses the Net.
9:23 of 1st period - Slapshot by Cooper Marody.
9:23 of 1st period - Stopped by Mads Sogaard without a rebound.
9:24 of 1st period - Jeff Kubiak wins face-off versus Cooper Marody in Griffins zone.
9:31 of 1st period - Wrist shot by Jacob Perreault.
9:31 of 1st period - Shot Misses the Net.
9:33 of 1st period - Slapshot by Jacob Perreault.
9:33 of 1st period - Stopped by Joel Hofer with a rebound.
9:35 of 1st period - Snap shot by Chris Wideman.
9:35 of 1st period - Stopped by Joel Hofer with a rebound.
10:15 of 1st period - Snap shot by Cole Schwindt.
10:15 of 1st period - Shot Blocked by Seth Griffith.
10:17 of 1st period - Snap shot by Jiri Kulich.
10:17 of 1st period - Stopped by Joel Hofer with a rebound.
10:45 of 1st period - Evan Polei is hit by Emil Heineman and loses puck.
11:06 of 1st period - Snap shot by Markus Nurmi.
11:06 of 1st period - Stopped by Joel Hofer without a rebound.
11:07 of 1st period - Cooper Marody wins face-off versus Zack Kassian in Wild zone.
11:12 of 1st period - Snap shot by Zack Kassian.
11:12 of 1st period - Shot Misses the Net.
11:14 of 1st period - Snap shot by Zack Kassian.
11:14 of 1st period - Shot Blocked by Logan Day.
11:53 of 1st period - Slapshot by Jack Rathbone.
11:53 of 1st period - Deflect By Jordan Spence.
11:53 of 1st period - Stopped by Mads Sogaard with a rebound.
12:51 of 1st period - Logan Day is hit by Jacob MacDonald and loses puck.
12:58 of 1st period - Jiri Kulich is hit by Brad Malone and loses puck.
14:41 of 1st period - Snap shot by Zack Kassian.
14:41 of 1st period - Stopped by Joel Hofer without a rebound.
14:42 of 1st period - T.J. Tynan wins face-off versus Seth Griffith in Wild zone.
15:02 of 1st period - Off-side.
15:03 of 1st period - Cooper Marody wins face-off versus Cole Schwindt in neutral zone.
15:36 of 1st period - Snap shot by Jeff Kubiak.
15:36 of 1st period - Stopped by Joel Hofer with a rebound.
15:38 of 1st period - Snap shot by Jeff Kubiak.
15:38 of 1st period - Shot Misses the Net.
15:40 of 1st period - Snap shot by Jeff Kubiak.
15:40 of 1st period - Shot Blocked by Logan Day.
16:10 of 1st period - Slapshot by Jordan Spence.
16:10 of 1st period - Stopped by Joel Hofer with a rebound.
16:43 of 1st period - Off-side.
16:44 of 1st period - Cooper Marody wins face-off versus T.J. Tynan in neutral zone.
16:56 of 1st period - Alex Limoges is hit by Zack Kassian.
17:12 of 1st period - Snap shot by Jacob Perreault.
17:12 of 1st period - Stopped by Joel Hofer with a rebound.
17:14 of 1st period - Snap shot by Emil Heineman.
17:14 of 1st period - Shot Blocked by Adam Karashik.
17:16 of 1st period - Slapshot by Jacob Perreault.
17:16 of 1st period - Shot Misses the Net.
17:34 of 1st period - Snap shot by Matthew Peca.
17:34 of 1st period - Shot Misses the Net.
17:36 of 1st period - Snap shot by Evan Polei.
17:36 of 1st period - Goal by Evan Polei - Griffins : 0 - Wild : 2.
17:37 of 1st period - Dylan Sikura wins face-off versus T.J. Tynan in neutral zone.
17:58 of 1st period - Minor Penalty to Alex Limoges for Hooking.
17:59 of 1st period - Cooper Marody wins face-off versus T.J. Tynan in Wild zone.
17:59 of 1st period - Cooper Marody is hit by Zack Kassian.
19:10 of 1st period - Icing by Jacob MacDonald.
19:11 of 1st period - T.J. Tynan wins face-off versus Brad Malone in Griffins zone.
19:58 of 1st period - Penalty to Alex Limoges is over, Alex Limoges is back on ice.
Goals for this period are 0 for Griffins vs 2 for Wild.
Shots for this period are 12 for Griffins vs 8 for Wild.

2nd period


0:01 of 2nd period - Cole Schwindt wins face-off versus Cooper Marody in neutral zone.
0:04 of 2nd period - Alex Limoges is hit by Cole Schwindt and loses puck.
0:11 of 2nd period - Backhand shot by Logan Day.
0:11 of 2nd period - Deflect By Dylan Sikura.
0:11 of 2nd period - Shot Blocked by Brandon Coe.
0:11 of 2nd period - Puck is out of play.
0:12 of 2nd period - T.J. Tynan wins face-off versus Seth Griffith in Griffins zone.
0:41 of 2nd period - Minor Penalty to Logan Day for Interference.
0:42 of 2nd period - Cooper Marody wins face-off versus T.J. Tynan in Wild zone.
1:16 of 2nd period - Slapshot by Jordan Spence.
1:16 of 2nd period - Shot Misses the Net.
1:18 of 2nd period - Slapshot by Logan Stanley.
1:18 of 2nd period - Stopped by Joel Hofer without a rebound.
1:19 of 2nd period - Cooper Marody wins face-off versus Cole Schwindt in Wild zone.
1:38 of 2nd period - Slapshot by Chris Wideman.
1:38 of 2nd period - Deflect By Zack Kassian.
1:38 of 2nd period - Deflect By Jack Rathbone.
1:38 of 2nd period - Stopped by Joel Hofer with a rebound.
1:58 of 2nd period - Brandon Davidson is hit by Chris Wideman.
2:22 of 2nd period - Adam Karashik is hit by Logan Stanley and loses puck.
2:39 of 2nd period - Wrist shot by Cooper Marody.
2:39 of 2nd period - Shot Misses the Net.
2:41 of 2nd period - Penalty to Logan Day is over, Logan Day is back on ice.
2:41 of 2nd period - Slapshot by Adam Karashik.
2:41 of 2nd period - Shot Blocked by Jordan Spence.
2:43 of 2nd period - Slapshot by Andrew Peski.
2:43 of 2nd period - Deflect By Logan Stanley.
2:43 of 2nd period - Stopped by Mads Sogaard with a rebound.
2:45 of 2nd period - Slapshot by Andrew Peski.
2:45 of 2nd period - Stopped by Mads Sogaard with a rebound.
2:47 of 2nd period - Wrist shot by Logan Day.
2:47 of 2nd period - Stopped by Mads Sogaard with a rebound.
2:49 of 2nd period - Slapshot by Andrew Peski.
2:49 of 2nd period - Stopped by Mads Sogaard with a rebound.
3:05 of 2nd period - Snap shot by Logan Day.
3:05 of 2nd period - Shot Misses the Net.
3:07 of 2nd period - Snap shot by Shane Gersich.
3:07 of 2nd period - Shot Blocked by Logan Stanley.
3:32 of 2nd period - Snap shot by Logan Day.
3:32 of 2nd period - Shot Hit the Post.
3:56 of 2nd period - Snap shot by Logan Day.
3:56 of 2nd period - Stopped by Mads Sogaard with a rebound.
3:58 of 2nd period - Slapshot by Andrew Peski.
3:58 of 2nd period - Shot Misses the Net.
4:00 of 2nd period - Backhand shot by Adam Karashik.
4:00 of 2nd period - Shot Blocked by Jakob Pelletier.
4:02 of 2nd period - Wrist shot by Adam Karashik.
4:02 of 2nd period - Deflect By T.J. Tynan.
4:02 of 2nd period - Stopped by Mads Sogaard with a rebound.
4:04 of 2nd period - Snap shot by Cole Bardreau.
4:04 of 2nd period - Stopped by Mads Sogaard without a rebound.
4:05 of 2nd period - Cole Schwindt wins face-off versus Cooper Marody in Griffins zone.
4:16 of 2nd period - Slapshot by Cole Schwindt.
4:16 of 2nd period - Stopped by Joel Hofer with a rebound.
4:18 of 2nd period - Backhand shot by Jacob MacDonald.
4:18 of 2nd period - Deflect By Cole Schwindt.
4:18 of 2nd period - Shot Blocked by Cooper Marody.
4:18 of 2nd period - Puck is out of play.
4:19 of 2nd period - Jeff Kubiak wins face-off versus Cooper Marody in Wild zone.
4:19 of 2nd period - Jacob MacDonald is hit by Cooper Marody.
4:23 of 2nd period - Slapshot by Jacob MacDonald.
4:23 of 2nd period - Stopped by Joel Hofer without a rebound.
4:24 of 2nd period - Emil Heineman wins face-off versus Cooper Marody in Wild zone.
4:25 of 2nd period - Wrist shot by Chris Wideman.
4:25 of 2nd period - Shot Blocked by Jack Rathbone.
4:27 of 2nd period - Slapshot by Jacob Perreault.
4:27 of 2nd period - Stopped by Joel Hofer without a rebound.
4:28 of 2nd period - Cooper Marody wins face-off versus Jeff Kubiak in Wild zone.
4:43 of 2nd period - Slapshot by Cooper Marody.
4:43 of 2nd period - Stopped by Mads Sogaard with a rebound.
5:13 of 2nd period - Wrist shot by Dylan Sikura.
5:13 of 2nd period - Shot Blocked by Chris Wideman.
5:15 of 2nd period - Snap shot by Jack Rathbone.
5:15 of 2nd period - Stopped by Mads Sogaard without a rebound.
5:16 of 2nd period - Cole Schwindt wins face-off versus Austin Czarnik in Griffins zone.
5:16 of 2nd period - Cole Schwindt is hit by Evan Polei.
5:33 of 2nd period - Cole Schwindt is hit by Seth Griffith and loses puck.
6:51 of 2nd period - Alex Limoges is hit by Logan Stanley and loses puck.
8:40 of 2nd period - Snap shot by Jacob Perreault.
8:40 of 2nd period - Shot Misses the Net.
9:18 of 2nd period - Off-side.
9:19 of 2nd period - T.J. Tynan wins face-off versus Brad Malone in neutral zone.
9:24 of 2nd period - Adam Karashik is hit by Zack Kassian and loses puck.
9:57 of 2nd period - Wrist shot by Egor Zamula.
9:57 of 2nd period - Shot Blocked by Andrew Peski.
11:06 of 2nd period - Brandon Davidson is hit by Logan Stanley and loses puck.
11:15 of 2nd period - Jordan Spence is hit by Logan Day and loses puck.
11:34 of 2nd period - Slapshot by Jordan Spence.
11:34 of 2nd period - Deflect By Jiri Kulich.
11:34 of 2nd period - Shot Blocked by Cooper Marody.
11:34 of 2nd period - Puck is out of play.
11:35 of 2nd period - Cole Schwindt wins face-off versus Alex Limoges in Wild zone.
11:36 of 2nd period - Snap shot by Jiri Kulich.
11:36 of 2nd period - Stopped by Joel Hofer without a rebound.
11:37 of 2nd period - Alex Limoges wins face-off versus Cole Schwindt in Wild zone.
11:53 of 2nd period - Snap shot by Jiri Kulich.
11:53 of 2nd period - Stopped by Joel Hofer with a rebound.
11:55 of 2nd period - Slapshot by Jacob MacDonald.
11:55 of 2nd period - Deflect By Cole Schwindt.
11:55 of 2nd period - Stopped by Joel Hofer with a rebound.
11:57 of 2nd period - Wrist shot by Jiri Kulich.
11:57 of 2nd period - Stopped by Joel Hofer with a rebound.
11:59 of 2nd period - Wrist shot by Jiri Kulich.
11:59 of 2nd period - Shot Blocked by Logan Day.
12:01 of 2nd period - Slapshot by Jacob MacDonald.
12:01 of 2nd period - Stopped by Joel Hofer with a rebound.
12:03 of 2nd period - Backhand shot by Jacob MacDonald.
12:03 of 2nd period - Goal by Jacob MacDonald - Griffins : 1 - Wild : 2.
12:04 of 2nd period - Cole Schwindt wins face-off versus Austin Czarnik in neutral zone.
12:34 of 2nd period - Egor Zamula is hit by Alex Limoges and loses puck.
12:39 of 2nd period - Wrist shot by Alex Limoges.
12:39 of 2nd period - Stopped by Mads Sogaard with a rebound.
12:41 of 2nd period - Snap shot by Cooper Marody.
12:41 of 2nd period - Stopped by Mads Sogaard without a rebound.
12:42 of 2nd period - Cooper Marody wins face-off versus Cole Schwindt in Griffins zone.
13:05 of 2nd period - Chris Wideman is hit by Jack Rathbone and loses puck.
14:31 of 2nd period - Adam Karashik is hit by Logan Stanley and loses puck.
14:52 of 2nd period - Snap shot by Emil Heineman.
14:52 of 2nd period - Shot Misses the Net.
16:00 of 2nd period - Mason Geertsen is hit by Cooper Marody and loses puck.
17:20 of 2nd period - Minor Penalty to Jordan Spence for Holding.
17:21 of 2nd period - Cole Schwindt wins face-off versus Dylan Sikura in Griffins zone.
17:30 of 2nd period - Cole Schwindt is hit by Dylan Sikura and loses puck.
19:01 of 2nd period - Icing by Austin Czarnik.
19:02 of 2nd period - Cole Bardreau wins face-off versus Zack Kassian in Wild zone.
19:09 of 2nd period - Cole Schwindt is hit by Austin Czarnik and loses puck.
19:20 of 2nd period - Penalty to Jordan Spence is over, Jordan Spence is back on ice.
19:35 of 2nd period - Icing by Jack Rathbone.
19:36 of 2nd period - Matthew Peca wins face-off versus Jeff Kubiak in Wild zone.
19:36 of 2nd period - Matthew Peca is hit by Jeff Kubiak.
19:42 of 2nd period - Slapshot by Jack Rathbone.
19:42 of 2nd period - Shot Blocked by Jacob MacDonald.
19:58 of 2nd period - Austin Czarnik is hit by Chris Wideman.
Goals for this period are 1 for Griffins vs 0 for Wild.
Shots for this period are 11 for Griffins vs 11 for Wild.

3rd period


0:01 of 3rd period - Cooper Marody wins face-off versus Cole Schwindt in neutral zone.
0:26 of 3rd period - Dylan Sikura is hit by Zack Kassian and loses puck.
1:01 of 3rd period - Icing by Cooper Marody.
1:02 of 3rd period - Cole Schwindt wins face-off versus Alex Limoges in Wild zone.
1:12 of 3rd period - Off-side.
1:13 of 3rd period - Cole Schwindt wins face-off versus Austin Czarnik in neutral zone.
1:16 of 3rd period - Slapshot by Egor Zamula.
1:16 of 3rd period - Shot Blocked by Logan Day.
1:45 of 3rd period - Jack Rathbone is hit by T.J. Tynan and loses puck.
2:06 of 3rd period - Jack Rathbone is hit by Joseph LaBate and loses puck.
2:14 of 3rd period - Off-side.
2:15 of 3rd period - Austin Czarnik wins face-off versus Cole Schwindt in neutral zone.
2:18 of 3rd period - Slapshot by Seth Griffith.
2:18 of 3rd period - Shot Blocked by Brandon Coe.
2:40 of 3rd period - Dylan Sikura is hit by Emil Heineman.
3:06 of 3rd period - Slapshot by Chris Wideman.
3:06 of 3rd period - Deflect By Joseph LaBate.
3:06 of 3rd period - Stopped by Joel Hofer with a rebound.
3:08 of 3rd period - Snap shot by Markus Nurmi.
3:08 of 3rd period - Shot Blocked by Seth Griffith.
3:10 of 3rd period - Backhand shot by Mason Geertsen.
3:10 of 3rd period - Shot Misses the Net.
3:12 of 3rd period - Wrist shot by Jacob MacDonald.
3:12 of 3rd period - Shot Misses the Net.
3:14 of 3rd period - Wrist shot by Joseph LaBate.
3:14 of 3rd period - Stopped by Joel Hofer without a rebound.
3:15 of 3rd period - Alex Limoges wins face-off versus Jiri Kulich in Wild zone.
3:24 of 3rd period - Slapshot by Cole Schwindt.
3:24 of 3rd period - Shot Misses the Net.
3:26 of 3rd period - Snap shot by Cole Schwindt.
3:26 of 3rd period - Deflect By Jiri Kulich.
3:26 of 3rd period - Shot Blocked by Alex Limoges.
3:26 of 3rd period - Puck is out of play.
3:27 of 3rd period - Cole Schwindt wins face-off versus Matthew Peca in Wild zone.
4:10 of 3rd period - Minor Penalty to Logan Day for Hooking.
4:11 of 3rd period - Cooper Marody wins face-off versus T.J. Tynan in Wild zone.
4:33 of 3rd period - Slapshot by Zack Kassian.
4:33 of 3rd period - Stopped by Joel Hofer without a rebound.
4:34 of 3rd period - Cooper Marody wins face-off versus Cole Schwindt in Wild zone.
4:34 of 3rd period - Cooper Marody is hit by Brandon Coe.
4:44 of 3rd period - Slapshot by Jordan Spence.
4:44 of 3rd period - Stopped by Joel Hofer with a rebound.
4:46 of 3rd period - Backhand shot by Logan Stanley.
4:46 of 3rd period - Goal by Logan Stanley - Griffins : 2 - Wild : 2.
4:47 of 3rd period - Cole Schwindt wins face-off versus Cooper Marody in neutral zone.
4:56 of 3rd period - Wrist shot by Cole Schwindt.
4:56 of 3rd period - Stopped by Joel Hofer without a rebound.
4:57 of 3rd period - Cole Schwindt wins face-off versus Cooper Marody in Wild zone.
5:02 of 3rd period - Wrist shot by Cole Schwindt.
5:02 of 3rd period - Stopped by Joel Hofer with a rebound.
5:10 of 3rd period - Wrist shot by Dylan Sikura.
5:10 of 3rd period - Stopped by Mads Sogaard with a rebound.
5:12 of 3rd period - Snap shot by Dylan Sikura.
5:12 of 3rd period - Shot Blocked by Cole Schwindt.
5:28 of 3rd period - Snap shot by Dylan Sikura.
5:28 of 3rd period - Shot Misses the Net.
5:34 of 3rd period - Wrist shot by Cooper Marody.
5:34 of 3rd period - Stopped by Mads Sogaard without a rebound.
5:35 of 3rd period - Zack Kassian wins face-off versus Austin Czarnik in Griffins zone.
5:35 of 3rd period - Zack Kassian is hit by Seth Griffith.
5:51 of 3rd period - Snap shot by Zack Kassian.
5:51 of 3rd period - Stopped by Joel Hofer with a rebound.
6:22 of 3rd period - Brandon Davidson is hit by Chris Wideman and loses puck.
7:42 of 3rd period - Snap shot by Brad Malone.
7:42 of 3rd period - Shot Misses the Net.
8:25 of 3rd period - Jakob Pelletier is hit by Jack Rathbone and loses puck.
9:09 of 3rd period - Adam Karashik is hit by Cole Schwindt and loses puck.
9:45 of 3rd period - Shane Gersich is hit by Jacob Perreault and loses puck.
9:54 of 3rd period - Matthew Kessel is hit by Brad Malone and loses puck.
10:15 of 3rd period - Seth Griffith is hit by Cole Schwindt and loses puck.
11:04 of 3rd period - Cooper Marody is hit by T.J. Tynan and loses puck.
11:11 of 3rd period - Alex Limoges is hit by Jordan Spence.
11:32 of 3rd period - Evan Polei is hit by Brandon Coe and loses puck.
11:45 of 3rd period - Matthew Kessel is hit by Brad Malone and loses puck.
12:46 of 3rd period - Evan Polei is hit by Markus Nurmi and loses puck.
14:23 of 3rd period - Cooper Marody is hit by Egor Zamula and loses puck.
14:32 of 3rd period - Snap shot by Chris Wideman.
14:32 of 3rd period - Deflect By Brandon Coe.
14:32 of 3rd period - Stopped by Joel Hofer without a rebound.
14:33 of 3rd period - Alex Limoges wins face-off versus T.J. Tynan in Wild zone.
14:38 of 3rd period - Zack Kassian is hit by Brandon Davidson and loses puck.
15:28 of 3rd period - Slapshot by Zack Kassian.
15:28 of 3rd period - Stopped by Joel Hofer with a rebound.
15:30 of 3rd period - Snap shot by Jakob Pelletier.
15:30 of 3rd period - Stopped by Joel Hofer without a rebound.
15:31 of 3rd period - T.J. Tynan wins face-off versus Brad Malone in Wild zone.
15:32 of 3rd period - Snap shot by Zack Kassian.
15:32 of 3rd period - Stopped by Joel Hofer without a rebound.
15:33 of 3rd period - Brad Malone wins face-off versus Jakob Pelletier in Wild zone.
15:52 of 3rd period - Wrist shot by Cooper Marody.
15:52 of 3rd period - Stopped by Mads Sogaard with a rebound.
15:54 of 3rd period - Slapshot by Jack Rathbone.
15:54 of 3rd period - Shot Misses the Net.
16:12 of 3rd period - Snap shot by Jiri Kulich.
16:12 of 3rd period - Shot Misses the Net.
16:14 of 3rd period - Slapshot by Jordan Spence.
16:14 of 3rd period - Deflect By Jack Rathbone.
16:14 of 3rd period - Stopped by Joel Hofer with a rebound.
16:16 of 3rd period - Snap shot by Cole Schwindt.
16:16 of 3rd period - Stopped by Joel Hofer with a rebound.
16:18 of 3rd period - Slapshot by Brandon Coe.
16:18 of 3rd period - Shot Misses the Net.
16:20 of 3rd period - Snap shot by Brandon Coe.
16:20 of 3rd period - Shot Blocked by Alex Limoges.
16:22 of 3rd period - Slapshot by Jordan Spence.
16:22 of 3rd period - Stopped by Joel Hofer with a rebound.
16:34 of 3rd period - Wrist shot by Austin Czarnik.
16:34 of 3rd period - Stopped by Mads Sogaard with a rebound.
16:36 of 3rd period - Wrist shot by Austin Czarnik.
16:36 of 3rd period - Shot Blocked by Chris Wideman.
16:52 of 3rd period - Evan Polei is hit by Jacob MacDonald and loses puck.
17:10 of 3rd period - Minor Penalty to Brad Malone for Roughing.
17:11 of 3rd period - Cooper Marody wins face-off versus T.J. Tynan in Wild zone.
18:34 of 3rd period - Cole Schwindt is hit by Shane Gersich and loses puck.
18:41 of 3rd period - Chris Wideman is hit by Shane Gersich and loses puck.
19:10 of 3rd period - Penalty to Brad Malone is over, Brad Malone is back on ice.
19:38 of 3rd period - Joseph LaBate is hit by Austin Czarnik and loses puck.
Goals for this period are 1 for Griffins vs 0 for Wild.
Shots for this period are 15 for Griffins vs 4 for Wild.

Overtime #1


0:01 of 1st overtime period - Jeff Kubiak wins face-off versus Cooper Marody in neutral zone.
0:03 of 1st overtime period - Off-side.
0:04 of 1st overtime period - Cooper Marody wins face-off versus Jeff Kubiak in neutral zone.
0:09 of 1st overtime period - Snap shot by Cooper Marody.
0:09 of 1st overtime period - Shot Blocked by Chris Wideman.
0:18 of 1st overtime period - Evan Polei and Chris Wideman fight to a draw.
0:18 of 1st overtime period - Penalty to Evan Polei for Fighting.
0:18 of 1st overtime period - Penalty to Chris Wideman for Fighting.
0:19 of 1st overtime period - Jeff Kubiak wins face-off versus Brad Malone in Wild zone.
0:55 of 1st overtime period - Icing by Logan Day.
0:56 of 1st overtime period - Dylan Sikura wins face-off versus Jeff Kubiak in Wild zone.
3:15 of 1st overtime period - Egor Zamula is hit by Logan Day and loses puck.
Goals for this period are 0 for Griffins vs 0 for Wild.
Shots for this period are 0 for Griffins vs 0 for Wild.

ShootOut


5:00 of 1st overtime period - Round #1.
5:00 of 1st overtime period - Griffins, Jakob Pelletier.
5:00 of 1st overtime period - Backhand shot by Jakob Pelletier.
5:00 of 1st overtime period - Goal by Jakob Pelletier.
5:00 of 1st overtime period - Wild, Seth Griffith.
5:00 of 1st overtime period - Snap shot by Seth Griffith.
5:00 of 1st overtime period - Shot Misses the Net.
5:00 of 1st overtime period - Round #2.
5:00 of 1st overtime period - Griffins, Zack Kassian.
5:00 of 1st overtime period - Snap shot by Zack Kassian.
5:00 of 1st overtime period - Stopped by Joel Hofer.
5:00 of 1st overtime period - Wild, Austin Czarnik.
5:00 of 1st overtime period - Deke by Austin Czarnik.
5:00 of 1st overtime period - Goal by Austin Czarnik.
5:00 of 1st overtime period - Round #3.
5:00 of 1st overtime period - Griffins, T.J. Tynan.
5:00 of 1st overtime period - Wrist shot by T.J. Tynan.
5:00 of 1st overtime period - Stopped by Joel Hofer.
5:00 of 1st overtime period - Wild, Dylan Sikura.
5:00 of 1st overtime period - Wrist shot by Dylan Sikura.
5:00 of 1st overtime period - Stopped by Mads Sogaard.
5:00 of 1st overtime period - Round #4.
5:00 of 1st overtime period - Griffins, Cole Schwindt.
5:00 of 1st overtime period - Wrist shot by Cole Schwindt.
5:00 of 1st overtime period - Stopped by Joel Hofer.
5:00 of 1st overtime period - Wild, Alex Limoges.
5:00 of 1st overtime period - Wrist shot by Alex Limoges.
5:00 of 1st overtime period - Goal by Alex Limoges.